 Dungeon Crawl Stone Soup version 0.27.0-1-g7a089689b8 (webtiles) character file.

Game seed: 7461337418518422024

20980 kobby the Cleaver (level 12, -1/111 HPs)
             Began as a Naga Fighter on Aug 14, 2021.
             Was a High Priest of Cheibriados.
             Slain by a lindwurm (7 damage)
             ... on level 3 of the Lair of Beasts.
             The game lasted 00:27:10 (11701 turns).

kobby the Cleaver (Naga Fighter)                   Turns: 11701, Time: 00:27:10

Health: -1/111     AC: 27    Str: 43    XL:     12   Next: 85%
Magic:  14/14      EV:  6    Int: 22    God:    Cheibriados [*****.]
Gold:   687        SH: 14    Dex: 23    Spells: 11/11 levels left

rFire    . . .     SeeInvis +   g - +3 broad axe of the Badger {vorpal, Str+3 Stlth+}
rCold    . . .     Faith    .   c - +0 kite shield
rNeg     . . .     Spirit   .   J - +1 crystal plate armour
rPois    +         Reflect  .   k - +1 helmet
rElec    .         Harm     .   n - +1 cloak
rCorr    .         Rampage  .   (no gloves)
Will     +....                  (no barding)
Stlth    ..........             v - amulet of the acrobat
HPRegen  0.28/turn              e - +6 ring of strength
MPRegen  0.14/turn              u - +4 ring of protection

@: marked, attractive, hasted (expiring), very slow
A: AC +4, large, see invisible, deformed body, poison resistance, slowness 2,
spit poison 1, naga tail 1
a: Spit Poison, Renounce Religion, Bend Time, Temporal Distortion, Slouch, Step
From Time


You were on level 3 of the Lair of Beasts.
You worshipped Cheibriados.
Cheibriados was extremely pleased with you.
You visited 3 branches of the dungeon, and saw 14 of its levels.

You collected 687 gold pieces.

Inventory:

Hand Weapons
 a - a +1 war axe
 g - the +3 broad axe of the Badger (weapon) {vorpal, Str+3 Stlth+}
   (You acquired it on level 2 of the Dungeon)

   It inflicts extra damage upon your enemies.
   Str:       It affects your strength (+3).
   Stlth:     It makes you more stealthy.
 y - the +10 glaive of Kismet {drain, rF+++ Str-4 Dex+4}
   (You found it on level 5 of the Dungeon)

   A truly terrible weapon, it drains the life of any living foe it strikes.
   Str:       It affects your strength (-4).
   Dex:       It affects your dexterity (+4).
   rF:        It renders you almost immune to fire.
Armour
 b - a +0 scale mail
 c - a +0 kite shield (worn)
 i - a +0 plate armour
 k - a +1 helmet (worn)
 n - a +1 cloak (worn)
 J - a +1 crystal plate armour (worn)
Jewellery
 d - a +6 ring of dexterity
 e - a +6 ring of strength (left hand)
 h - a ring of flight
 l - a +6 ring of dexterity
 u - a +4 ring of protection (right hand)
 v - an amulet of the acrobat (around neck)
 z - a ring of positive energy
 C - a ring of willpower
 D - an amulet of magic regeneration
 E - a ring of wizardry
 I - a ring of ice
 N - a ring of positive energy
Wands
 q - a wand of iceblast (5)
 s - a wand of polymorph (11)
 F - a wand of acid (4)
Scrolls
 f - 6 scrolls of identify
 o - 3 scrolls of teleportation
 p - a scroll of enchant weapon
 w - a scroll of amnesia
 H - a scroll of immolation
Potions
 m - a potion of flight
 r - a potion of degeneration
 x - a potion of curing
 A - a potion of cancellation {unknown}
 B - 2 potions of attraction
 G - 2 potions of brilliance {unknown}
 K - a potion of berserk rage {unknown}
 L - a potion of lignification {unknown}


   Skills:
 + Level 8.2 Fighting
 + Level 12.9 Axes
 + Level 9.6 Armour
 * Level 2.7 Dodging
 + Level 7.4 Shields
 * Level 3.0 Invocations
 + Level 2.0 Evocations


You had 11 spell levels left.
You didn't know any spells.
Your spell library contained the following spells:

 Spells                   Type           Power      Damage    Failure   Level
 Pain                     Necr           0%         1d4       94%         1
 Sandblast                Erth           0%         2d4       94%         1
 Passwall                 Tmut/Erth      0%         N/A       98%         2
 Ozocubu's Armour         Ice            0%         N/A       100%        3
 Swiftness                Air            0%         N/A       100%        3
 Passage of Golubria      Tloc           N/A        N/A       100%        4
 Agony                    Necr           0%         N/A       100%        5
 Excruciating Wounds      Necr           0%         N/A       100%        5
 Lee's Rapid Deconstruct  Erth           0%         3d5*      100%        5
 Silence                  Hex/Air        0%         N/A       100%        5
 Invisibility             Hex            0%         N/A       100%        6
 Ozocubu's Refrigeration  Ice            0%         4d5       100%        7
 Lehudib's Crystal Spear  Conj/Erth      0%         10d2      100%        8


Dungeon Overview and Level Annotations

Branches:
Dungeon (10/15)            Temple (1/1) D:7            Lair (3/6) D:8
  Swamp: Lair:2-4    Shoals: Lair:2-4     Snake: Lair:2-4    Spider: Lair:2-4
    Orc: D:9-12

Altars:
Cheibriados
Fedhas
Gozag
Hepliaklqana
Makhleb
Okawaru
Ru
Sif Muna
Trog
Uskayaw
Wu Jian
Yredelemnul
Zin

Portals:
Trove: D:10 (give +7 demon trident)

Annotations:
D:4 1 runed translucent door
Lair:2 2 transporters, simples's ghost, journeyman MiBe


Innate Abilities, Weirdness & Mutations

Your serpentine skin is tough. (AC +4)
You have supernaturally acute eyesight. (SInv)
Armour fits poorly on your strangely shaped body.
Your system is resistant to poisons. (rPois)
You cover ground very slowly.
You can spit poison.
You have a snake-like lower body.


Message History

Cheibriados thoroughly appreciates the change of pace.
The blink frog blinks!
The blink frog sets off the alarm!
The alarm trap emits a blaring wail!
A sentinel's mark forms upon you.
You hear a shout! x2; You hear a howl!
The blink frog is pulled toward you!
Your Invocations skill increases to level 3!
You are too injured to fight recklessly!
You miss the blink frog.
The blink frog is moderately wounded.
You block the blink frog's attack.
You barely miss the blink frog.
The blink frog is moderately wounded.
The blink frog hits you but does no damage.
You closely miss the blink frog.
The blink frog is moderately wounded.
You block the blink frog's attack.
You slash the blink frog!
The blink frog is severely wounded.
The blink frog blinks!
The blink frog is pulled toward you! The lindwurm is pulled toward you!
The lindwurm breathes flames at you. The blast of flame misses you.
The blink frog blinks!
The lindwurm is pulled toward you! The blink frog is pulled toward you!
Okay, then.
You feel better.
The blink frog blinks!
The blink frog is pulled toward you!
You feel better. The blink frog hits you.
* * * LOW HITPOINT WARNING * * *
The lindwurm breathes flames at you. The blast of flame hits you!!
* * * LOW HITPOINT WARNING * * *
You feel better.
Your extra speed is starting to run out.
The blink frog blinks!
The lindwurm bites you.
* * * LOW HITPOINT WARNING * * *
The lindwurm claws you but does no damage.
You block the lindwurm's attack.
You barely miss the lindwurm. The blink frog is pulled toward you!
You hit the lindwurm but do no damage. The lindwurm bites you!
You die...

#### ##########..### ######## ###
...#.P#.##....####.#P##.#######.#
.................................
................@k...............
.P#...........F.§................
###..##.##..#....................
# ##.#........................F..
#.#........§..................
#.#......P....................
..#......#............#####... #
..........#.##### #..F P.
.P.....#### #..F


You could see a lindwurm and a blink frog.

Vanquished Creatures
  The ghost of Fuxod the Fighter, a journeyman GnWn of Xom (Lair:3)
  A catoblepas (Lair:2)
  3 death yaks (D:8)
  A black mamba (Lair:1)
  4 cane toads
  4 komodo dragons
  A kobold demonologist (D:8)
  2 rime drakes (Lair:1)
  A polar bear (Lair:2)
  Grinder (D:3)
  18 blink frogs
  A wraith (D:7)
  A basilisk (Lair:1)
  A wyvern (Lair:3)
  Sigmund (D:3)
  A steam dragon (D:8)
  34 yaks
  Menkaure (D:5)
  Edmund (D:6)
  3 water moccasins
  2 sky beasts
  An orc warrior (D:8)
  A necrophage (D:4)
  14 wolves
  An ogre (D:4)
  5 centaurs
  13 kobold brigands (D:8)
  A phantom (D:6)
  3 bullfrogs
  2 wyvern zombies
  A scorpion (D:5)
  A water moccasin zombie (D:6)
  An electric eel (D:10)
  2 centaur zombies (D:9)
  6 howler monkeys
  A bullfrog zombie (D:5)
  A jelly (D:4)
  2 hounds
  2 gnoll shamans
  2 centaur skeletons (D:7)
  Ijyb (D:3)
  3 iguanas (D:4)
  3 orc wizards
  Natasha (thrice) (D:3)
  A killer bee zombie (D:7)
  Robin (D:2)
  2 howler monkey skeletons
  2 howler monkey zombies
  11 adders
  9 gnolls
  3 shadow imps
  A white imp (D:5)
  3 ufetubi
  6 dart slugs
  18 orcs
  8 endoplasms
  A giant cockroach (D:4)
  12 goblins
  9 hobgoblins
  12 jackals
  5 quokkas
  2 ball pythons
  5 bats
  15 kobolds
  6 rats
  A butterfly (Lair:1)
286 creatures vanquished.

Vanquished Creatures (others)
  15 fungi
  15 plants
30 creatures vanquished.

Grand Total: 316 creatures vanquished

Notes
Turn   | Place    | Note
-------+----------+-------------------------------------------
     0 | D:1      | kobby the Naga Fighter began the quest for the Orb.
     0 | D:1      | Reached XP level 1. HP: 21/21 MP: 1/1
   352 | D:1      | Reached XP level 2. HP: 22/28 MP: 2/2
   444 | D:1      | Found a faded altar of an unknown god.
   954 | D:1      | Reached XP level 3. HP: 34/34 MP: 3/3
  1173 | D:2      | Identified a scroll of acquirement
  1174 | D:2      | Acquired the +3 broad axe of the Badger {vorpal, Str+3
                  | Stlth+}
  1235 | D:2      | Noticed Robin
  1250 | D:2      | Killed Robin
  1530 | D:2      | Reached XP level 4. HP: 41/42 MP: 4/4
  1972 | D:3      | Noticed Natasha
  1978 | D:3      | Killed Natasha
  2052 | D:3      | Noticed Sigmund
  2057 | D:3      | Killed Sigmund
  2058 | D:3      | Reached skill level 3 in Axes
  2058 | D:3      | Reached XP level 5. HP: 45/50 MP: 5/5
  2058 | D:3      | Reached XP level 6. HP: 51/57 MP: 6/6
  2116 | D:3      | Noticed Natasha
  2125 | D:3      | Killed Natasha
  2195 | D:3      | Found a shimmering blue altar of Sif Muna.
  2203 | D:3      | Noticed Grinder
  2221 | D:3      | Killed Grinder
  2222 | D:3      | Reached skill level 4 in Axes
  2222 | D:3      | Reached XP level 7. HP: 51/63 MP: 7/7
  2283 | D:3      | Noticed Natasha
  2287 | D:3      | Killed Natasha
  2407 | D:3      | Noticed Ijyb
  2414 | D:3      | Killed Ijyb
  2618 | D:4      | Reached skill level 5 in Axes
  3242 | D:4      | Found a runed translucent door.
  3242 | D:4      | Noticed a human
  3246 | D:4      | Found a basalt altar of Yredelemnul.
  3249 | D:4      | Reached XP level 8. HP: 72/72 MP: 8/8
  3469 | D:4      | Reached skill level 6 in Axes
  3754 | D:5      | Entered Level 5 of the Dungeon
  3967 | D:5      | Reached skill level 1 in Dodging
  4138 | D:5      | Identified the +10 glaive of Kismet {drain, rF+++ Str-4
                  | Dex+4}
  4190 | D:5      | Noticed Menkaure
  4198 | D:5      | Killed Menkaure
  4199 | D:5      | Reached skill level 5 in Armour
  4695 | D:6      | Reached skill level 7 in Axes
  5084 | D:6      | Noticed Edmund
  5089 | D:6      | Killed Edmund
  5090 | D:6      | Reached XP level 9. HP: 71/80 MP: 9/9
  5090 | D:6      | Found an opulent altar of Gozag.
  5171 | D:6      | Found a hazy altar of Hepliaklqana.
  5422 | D:6      | Reached skill level 5 in Fighting
  5888 | D:7      | Reached skill level 8 in Axes
  6152 | D:7      | Found an iron altar of Okawaru.
  6214 | D:7      | Found a staircase to the Ecumenical Temple.
  6222 | Temple   | Entered the Ecumenical Temple
  6239 | Temple   | Became a worshipper of Cheibriados the Contemplative
  6482 | D:8      | Noticed a death yak
  6483 | D:8      | Noticed a death yak
  6486 | D:8      | Noticed a death yak
  6493 | D:8      | Killed a death yak
  6494 | D:8      | Reached skill level 9 in Axes
  6494 | D:8      | Reached skill level 5 in Shields
  6494 | D:8      | Reached XP level 10. HP: 41/91 MP: 10/10
  6498 | D:8      | Killed a death yak
  6500 | D:8      | Killed a death yak
  6501 | D:8      | Reached skill level 1 in Evocations
  6507 | D:8      | Reached skill level 10 in Axes
  6886 | D:8      | Found a staircase to the Lair.
  6951 | D:8      | Reached * piety under Cheibriados
  7228 | D:8      | Reached XP level 11. HP: 86/99 MP: 11/11
  7646 | D:8      | Reached ** piety under Cheibriados
  7688 | D:8      | Reached skill level 11 in Axes
  8261 | D:9      | Reached *** piety under Cheibriados
  8579 | D:10     | Entered Level 10 of the Dungeon
  8579 | D:10     | Found a portal to a secret trove of treasure.
  8943 | Lair:1   | Entered Level 1 of the Lair of Beasts
  9446 | Lair:1   | Reached **** piety under Cheibriados
  9886 | Lair:2   | Reached skill level 12 in Axes
  9963 | Lair:2   | Reached XP level 12. HP: 106/109 MP: 12/12
 10127 | Lair:2   | Noticed a spriggan berserker
 10127 | Lair:2   | Noticed simples's ghost (journeyman MiBe)
 10132 | Lair:2   | Noticed a catoblepas
 10158 | Lair:2   | Killed a catoblepas
 10459 | Lair:2   | Found a bloodstained altar of Trog.
 10587 | Lair:2   | Found an ornate altar of the Wu Jian Council.
 10895 | Lair:2   | Found a transporter.
 10939 | Lair:2   | Found a transporter.
 11006 | Lair:2   | Reached skill level 1 in Invocations
 11386 | Lair:3   | Found a runed translucent door.
 11386 | Lair:3   | Noticed Fuxod's ghost (journeyman GnWn)
 11415 | Lair:3   | Reached ***** piety under Cheibriados
 11448 | Lair:3   | Killed Fuxod's ghost
 11698 | Lair:3   | HP: 4/111 [lindwurm/blast of flame (29)]
 11701 | Lair:3   | Slain by a lindwurm

Illustrated notes

Levels and vault maps discovered:
D:1:      minmay_arrival_wavy_path, layout_loops_ring,
          chequers_ecumenical_altar_simple, roderic_cross_of_infinity,
          hangedman_decor_growths
D:2:      layout_loops_ring, minmay_randomly_rotated_circles, uniq_robin
D:3:      layout_rooms, mainiacjoe_overflow_paths, minmay_misc_feat_diagonals,
          uniq_natasha, uniq_ijyb, uniq_grinder, uniq_sigmund
D:4:      layout_loops_ring, dk_yredelemnul_ordeal, chequers_garden,
          palyth_stone_intersect, minmay_increasing_density
D:5:      layout_cave_pools, uniq_menkaure
D:6:      layout_gridville, overflow_temple_1_default, grunt_gozag_statues,
          st_stairs_13, dk_noncrumbling_3, nicolae_benzene_ring, uniq_edmund
D:7:      layout_cave_pools, mainiacjoe_overflow_six_doors_small,
          minmay_temple_entry_nine_rooms
D:8:      layout_loops_corners, dpeg_lair_monsters, special_room
          [special_room_kobold], nrook_mini_vaults
D:9:      layout_basic
D:10:     layout_basic, grunt_temple_overflow_open,
          nicolae_trove_entry_crossroad, uniq_urug
Temple:   zaba_magenta_temple
Lair:1:   layout_long_grid, lemuel_fruit_fields, lemuel_fruit_fields
Lair:2:   layout_regular_city, basic_altar, gammafunk_ghost_wrathful_warriors,
          serial_bayou_pond_e, serial_bayou_shore_a
Lair:3:   layout_chaotic_city, guppyfry_snake_entry_island,
          hellmonk_ghost_happy_afterlife, lemuel_fruit_fields

Skill      XL: |  1  2  3  4  5  6  7  8  9 10 11 12 |
---------------+-------------------------------------+-----
Armour         | 3 4 5 6 7 8 9 |  9.6
Axes           | 3 4 5 7 9 10 12 | 12.9
Shields        | 3 4 5 6 7 |  7.4
Fighting       | 4 5 6 7 8 |  8.2
Dodging        | 1 2 |  2.7
Evocations     | 2 |  2.0
Invocations    | 3 |  3.0

Action                   |  1- 3 |  4- 6 |  7- 9 | 10-12 || total
-------------------------+-------+-------+-------+-------++-------
Melee: War axe           |    55 |       |       |       ||    55
       Broad axe         |    35 |    68 |   238 |   393 ||   734
Evoke: Wand              |       |       |     2 |    10 ||    12
  Use: Scroll            |     2 |     3 |     7 |     8 ||    20
       Potion            |       |     2 |     4 |     6 ||    12
Armor: Scale mail        |    24 |       |       |       ||    24
       Plate armour      |    32 |    35 |   150 |    33 ||   250
       Crystal plate arm |       |       |       |   181 ||   181
Dodge: Dodged            |    18 |    14 |    45 |   112 ||   189
Block: Kite shield       |    42 |    54 |   155 |   268 ||   519
